 Dungeon Crawl Stone Soup version 0.30.1-11-g7821555f0a (webtiles) character file.

Game seed: 914666769544635741

10496 SonOfAdam the Severer (level 11, -3/102 HPs)
             Began as a Hill Orc Fighter on Dec 9, 2023.
             Was a Believer of Trog.
             Killed from afar by a raiju (7 damage)
             ... with a living lightning
             ... on level 1 of the Abyss.
             The game lasted 00:40:33 (9536 turns).

SonOfAdam the Severer (Hill Orc Fighter)            Turns: 9536, Time: 00:40:33

Health: -3/102     AC: 24    Str: 24    XL:     11   Next: 63%
Magic:  9/9        EV:  7    Int:  8    God:    Trog [**....]
Gold:   1162       SH:  6    Dex: 10    Spells: 10/10 levels left

rFire   . . .        a - +0 war axe
rCold   . . .        i - +2 buckler {AC+3}
rNeg    . . .        N - +0 plate armour
rPois   +            (no helmet)
rElec   .            y - +0 cloak
rCorr   .            (no gloves)
SInv    .            c - +0 pair of boots
Will    .....        (no amulet) Stlth
                     f - +4 ring of protection
HPRegen 0.37/turn    o - ring of poison resistance
MPRegen 0.11/turn

%: no passive effects
@: mighty, weak-willed
A: deterioration 1, low MP 1, strong-willed 1, evolution 1
a: Renounce Religion, Berserk, Trog's Hand


You were on level 1 of the Abyss.
You worshipped Trog.
Trog was pleased with you.
You visited 2 branches of the dungeon, and saw 11 of its levels.
You visited the Abyss 1 time.

You collected 1209 gold pieces.
You spent 47 gold pieces at shops.

Inventory:

Hand Weapons
 a - a +0 war axe (weapon)
 b - a +0 morningstar
 J - a +2 heavy battleaxe
Missiles
 g - 41 poisoned darts (quivered)
 h - 94 stones
Armour
 c - a +0 pair of boots (worn)
 i - a +2 buckler of protection (worn)
 y - a +0 cloak (worn)
 N - a +0 plate armour (worn)
Jewellery
 f - a +4 ring of protection (left hand)
 o - a ring of poison resistance (right hand)
 E - a ring of ice
 K - a ring of positive energy
 P - a ring of resist corrosion
 Y - a ring of protection from fire
 Z - a ring of protection from fire
Wands
 F - a wand of charming (9)
 L - a wand of flame (8)
 O - a wand of mindburst (4)
Scrolls
 l - a scroll of immolation {unknown}
 m - 2 scrolls of torment {unknown}
 p - 5 scrolls of identify {unknown}
 r - 4 scrolls of teleportation {unknown}
 s - 2 scrolls of noise {unknown}
 t - 3 scrolls of magic mapping {unknown}
 u - a scroll of enchant weapon {unknown}
 w - a scroll of fog {unknown}
 x - 5 scrolls of vulnerability
 B - a scroll of brand weapon {unknown}
 C - a scroll of poison {unknown}
 D - a scroll of summoning {unknown}
 I - 3 scrolls of enchant armour {unknown}
 M - a scroll of acquirement {unknown}
Potions
 d - a potion of might
 e - 3 potions of attraction
 j - 3 potions of brilliance {unknown}
 n - 2 potions of flight {unknown}
 q - a potion of invisibility {unknown}
 z - 2 potions of berserk rage {unknown}
 A - 2 potions of mutation
 G - 2 potions of lignification {unknown}
 H - 2 potions of curing


   Skills:
 + Level 11.2 Fighting
 * Level 16.1 Axes
 + Level 10.2 Armour
 + Level 4.0 Shields
 - Level 3.0 Evocations


You had 10 spell levels left.
You didn't know any spells.
Your spell library was empty.

Dungeon Overview and Level Annotations

Branches:
Dungeon (10/15)            Temple (1/1) D:6            Lair (0/5) D:10
    Orc: D:9-12

Altars:
Ashenzari
Cheibriados
Dithmenos
Elyvilon
Fedhas
Gozag
Hepliaklqana
Kikubaaqudgha
Makhleb
Nemelex Xobeh
Okawaru
Qazlal
Ru
Sif Muna
Trog
Uskayaw
Vehumet
Wu Jian
Xom
Yredelemnul
Zin
The Shining One

Shops:
D:4 *   D:6 (   D:9 :

Annotations:
D:3 1 exclusion
D:5 1 exclusion
D:7 1 exclusion
D:10 Sonja


Innate Abilities, Weirdness & Mutations

Your body sometimes deteriorates upon taking damage.
Your magical capacity is low. (-10% MP)
You are strong-willed. (Will+)
You have hidden genetic potential.


Message History

You feel a little less mighty now.
You start resting. 4 raiju come into view.
The raiju barks! x4
The raiju bursts into living lightning!
The living lightning hits the raiju.
The raiju completely resists.
The living lightning misses you.
The raiju blinks! x2
The raiju bursts into living lightning!
The living lightning hits the raiju.
The raiju completely resists.
The living lightning hits you!
* * * LOW HITPOINT WARNING * * *
The raiju blinks!
You feel very mighty all of a sudden.
The raiju bursts into living lightning!
The living lightning hits the raiju.
The raiju completely resists.
The living lightning hits you!
* * * LOW HITPOINT WARNING * * *
The raiju blinks!
The raiju bursts into living lightning!
The living lightning hits you!
* * * LOW HITPOINT WARNING * * *
The living lightning misses the raiju.
The raiju blinks!
It was a potion of curing.
You feel better. The raiju bites you but does no damage.
The raiju closely misses you.
It was a potion of mutation.
You feel extremely strange.
You feel a hidden potential growing inside you.
You feel yourself wasting away.
You feel less energetic.
You feel strong-willed.
The raiju bites you but does no damage. x2
The raiju attacks as you move away! You block the raiju's attack.
The raiju bursts into living lightning!
The living lightning hits the raiju.
The raiju completely resists.
The living lightning hits you!
* * * LOW HITPOINT WARNING * * *
The raiju blinks!
As you read the scroll labelled LEICIOKHUH, it crumbles to dust.
Magic quickly surges around you.
It was a scroll of vulnerability.
The raiju bursts into living lightning!
The living lightning hits you!
You die...

. #. ## ##. #. ..
#..#.##########..
..#..............
.
#................
. #...§hh....# .
#......#@∩...#
.##......h...#
#..........h..#
#.#....##.#.#..
#.##........# . .
.#... §... . #
#..... .....
.##.#.. .#..


You could see 4 raiju.

Vanquished Creatures
  Gastronok (D:10)
  3 two-headed ogres
  Nergalle (D:10)
  Pikel (D:8)
  Psyche (D:7)
  A kobold demonologist (D:10)
  17 yaks
  Grum (D:8)
  2 water moccasins
  3 orc warriors
  2 black bears
  2 ice beasts
  3 sky beasts
  An ogre (D:6)
  2 wolves (D:8)
  6 centaurs
  A phantom (D:4)
  3 kobold brigands
  5 bullfrogs
  2 gnoll sergeants (D:8)
  A scorpion (D:4)
  10 howler monkeys
  4 jellies
  2 orc priests
  4 hounds
  A sleepcap (D:7)
  2 gnoll boudas
  2 iguanas (D:6)
  4 orc wizards
  7 adders
  6 gnolls
  An ufetubus (D:7)
  A worm (D:5)
  2 dart slugs (D:4)
  15 orcs
  2 endoplasms (D:1)
  5 giant cockroaches
  10 goblins
  5 hobgoblins
  8 jackals
  3 quokkas
  7 ball pythons
  6 bats
  3 frilled lizards
  11 kobolds
  2 rats (D:3)
182 creatures vanquished.

Vanquished Creatures (collateral kills)
  An acid dragon (D:10)
  3 kobolds (D:10)
4 creatures vanquished.

Vanquished Creatures (others)
  An orc wizard (D:3)
1 creature vanquished.

Grand Total: 187 creatures vanquished

Notes
Turn   | Place    | Note
-------+----------+-------------------------------------------
     0 | D:1      | SonOfAdam the Hill Orc Fighter began the quest for the Orb.
     0 | D:1      | Reached XP level 1. HP: 19/19 MP: 1/1
    80 | D:1      | Reached skill level 3 in Axes
   181 | D:1      | Reached XP level 2. HP: 27/27 MP: 2/2
   535 | D:1      | You fall into a shaft and drop 1 floor!
   544 | D:2      | Reached XP level 3. HP: 33/33 MP: 3/3
   794 | D:2      | Found an iron altar of Okawaru.
   810 | D:2      | Reached skill level 4 in Axes
  1198 | D:2      | Reached XP level 4. HP: 40/40 MP: 4/4
  1338 | D:3      | Reached skill level 5 in Axes
  1338 | D:3      | Reached XP level 5. HP: 25/47 MP: 5/5
  1780 | D:4      | Reached skill level 6 in Axes
  1780 | D:4      | Reached XP level 6. HP: 36/55 MP: 6/6
  1781 | D:4      | Reached skill level 5 in Fighting
  1877 | D:4      | Found a blossoming altar of Fedhas.
  2271 | D:4      | Reached skill level 7 in Axes
  2271 | D:4      | Reached skill level 5 in Armour
  2271 | D:4      | Reached XP level 7. HP: 49/61 MP: 7/7
  2500 | D:4      | Found Wuomireargh's Assorted Antiques.
  2511 | D:4      | Bought a scroll labelled ZOACOU LIPUNE for 25 gold pieces
  2511 | D:4      | Bought a lumpy red potion for 22 gold pieces
  2731 | D:5      | Entered Level 5 of the Dungeon
  3064 | D:5      | Reached skill level 8 in Axes
  3172 | D:5      | Found a shimmering altar of Xom.
  3611 | D:6      | Found a staircase to the Ecumenical Temple.
  3620 | Temple   | Entered the Ecumenical Temple
  3620 | Temple   | Found a transporter.
  3620 | Temple   | Found a transporter.
  3622 | Temple   | Found a transporter.
  3622 | Temple   | Found a transporter.
  3634 | Temple   | Became a worshipper of Trog the Wrathful
  3685 | D:6      | Reached XP level 8. HP: 69/70 MP: 8/8
  3812 | D:6      | Reached skill level 9 in Axes
  3939 | D:6      | Reached skill level 1 in Evocations
  4372 | D:6      | Found Kajosa Boa's Antique Weapon Emporium.
  4611 | D:6      | Reached skill level 10 in Axes
  4760 | D:7      | Reached XP level 9. HP: 76/79 MP: 9/9
  4778 | D:7      | Found a glowing silver altar of Zin.
  4878 | D:7      | Found a white marble altar of Elyvilon.
  4893 | D:7      | Found an opulent altar of Gozag.
  5038 | D:6      | Reached skill level 11 in Axes
  5515 | D:8      | Noticed Psyche
  5574 | D:8      | Reached skill level 12 in Axes
  5583 | D:8      | Noticed Grum
  5599 | D:8      | Killed Grum
  5714 | D:6      | Reached * piety under Trog
  5884 | D:7      | Killed Psyche
  5885 | D:7      | Reached XP level 10. HP: 91/91 MP: 10/10
  6121 | D:7      | Reached skill level 13 in Axes
  6703 | D:8      | Found a shimmering blue altar of Sif Muna.
  6862 | D:8      | Noticed a two-headed ogre
  6874 | D:8      | Killed a two-headed ogre
  7055 | D:8      | Reached skill level 14 in Axes
  7242 | D:8      | Reached skill level 10 in Fighting
  7385 | D:9      | Found Qoetedaomi's Book Shoppe.
  7471 | D:9      | Noticed Pikel
  7522 | D:8      | Killed Pikel
  7556 | D:9      | Reached XP level 11. HP: 96/101 MP: 11/11
  7613 | D:9      | Reached skill level 15 in Axes
  7802 | D:9      | Noticed a two-headed ogre
  7843 | D:9      | Reached ** piety under Trog
  7905 | D:8      | Killed a two-headed ogre
  8211 | D:10     | Entered Level 10 of the Dungeon
  8262 | D:10     | Noticed Gastronok
  8338 | D:10     | Killed Gastronok
  8339 | D:10     | Reached skill level 10 in Armour
  8590 | D:10     | Found an ancient bone altar of Kikubaaqudgha.
  8712 | D:10     | Identified the +8 dagger of the Glowing Seer {venom, Will+}
  8721 | D:10     | Noticed a two-headed ogre
  8766 | D:10     | Killed a two-headed ogre
  8900 | D:10     | Found a staircase to the Lair.
  9213 | D:10     | Noticed Nergalle
  9228 | D:10     | Killed Nergalle
  9229 | D:10     | Reached skill level 16 in Axes
  9356 | D:10     | Noticed Sonja
  9453 | Abyss:1  | Cast into level 1 of the Abyss (Sonja)
  9534 | Abyss:1  | Gained mutation: You have hidden genetic potential. [potion
                  | of mutation]
  9534 | Abyss:1  | Gained mutation: Your body sometimes deteriorates upon
                  | taking damage. [potion of mutation]
  9534 | Abyss:1  | Gained mutation: Your magical capacity is low. (-10% MP)
                  | [potion of mutation]
  9534 | Abyss:1  | Gained mutation: You are strong-willed. (Will+) [potion of
                  | mutation]
  9535 | Abyss:1  | HP: 3/102 [raiju/living lightning (16)]
  9536 | Abyss:1  | Killed from afar by a raiju

Illustrated notes

Levels and vault maps discovered:
D:1:      scummos_arrival_forest, layout_loops_cross
D:2:      layout_rooms, basic_altar
D:3:      layout_basic
D:4:      layout_basic, fedhas_altar_1, serial_shops, shop,
          minmay_gold_behind_fungi
D:5:      layout_loops_ring, mainiacjoe_overflow_cross_hatched
D:6:      layout_basic, minmay_temple_entry_tees, serial_shops,
          nicolae_shop_hallway_stairs
D:7:      layout_rooms, mainiacjoe_overflow_concentric_impassable,
          mainiacjoe_overflow_big_doors
D:8:      minmay_polygon_palace, layout_cave_pools,
          nicolae_sif_muna_little_library, hangedman_decor_push, uniq_grum,
          uniq_psyche
D:9:      layout_basic, serial_shops, nicolae_shop_stone, grunt_ministairs_3,
          uniq_pikel
D:10:     layout_stronghold, lemuel_crystal_altar, lair_entry_dummy,
          uniq_gastronok, uniq_nergalle, uniq_sonja
Temple:   hellmonk_temple_divided_pantheon
Abyss:1:  base:
D:2

Skill      XL: |  1  2  3  4  5  6  7  8  9 10 11 |
---------------+----------------------------------+-----
Axes           | 3 4 5 6 7 8 10 12 14 16 | 16.1
Fighting       | 4 5 6 7 9 10 11 | 11.2
Armour         | 4 5 6 8 9 10 | 10.2
Evocations     | 2 3 |  3.0
Shields        | 4 |  4.0

Action                     |  1- 3 |  4- 6 |  7- 9 | 10-12 || total
---------------------------+-------+-------+-------+-------++-------
  Melee: War axe           |   122 |   108 |   339 |   313 ||   882
         Unarmed           |       |       |     6 |       ||     6
  Throw: Dart              |     1 |       |     3 |     6 ||    10
 Invoke: Berserk           |       |       |     1 |     5 ||     6
  Evoke: Wand              |       |       |     2 |     1 ||     3
    Use: Potion            |       |       |     4 |     6 ||    10
         Scroll            |       |       |       |     1 ||     1
 Armour: Scale mail        |    88 |    72 |    44 |       ||   204
         Chain mail        |       |       |   154 |    88 ||   242
         Plate armour      |       |       |       |    43 ||    43
  Dodge: Dodged            |    76 |    47 |   134 |    95 ||   352
  Block: Buckler           |    41 |    33 |   110 |    70 ||   254
